 Dungeon Crawl Stone Soup version 0.25-a0-705-ge9988fc0fb (webtiles) character file.

Game seed: 5366939773456660136, levelgen mode: deterministic

105 Maedhros the Charlatan (level 4, 0/28 HPs)
             Began as an Octopode Artificer on Apr 4, 2020.
             Was an Initiate of Cheibriados.
             Slain by an adder (3 damage)
             ... on level 4 of the Dungeon.
             The game lasted 00:01:07 (1198 turns).

Maedhros the Charlatan (Octopode Artificer)         Turns: 1198, Time: 00:01:07

Health: 0/28       AC:  1    Str: 12    XL:     4   Next: 81%
Magic:  7/7        EV: 13    Int: 14    God:    Cheibriados [......]
Gold:   24         SH:  0    Dex: 14    Spells: 3/3 levels left

rFire    . . .     SeeInvis .   a - +0 short sword
rCold    . . .     Gourm    .   (no shield)
rNeg     . . .     Faith    .   (helmet restricted)
rPois    .         Spirit   .   (no amulet)
rElec    .         Reflect  .   (no ring)
rCorr    .         Harm     .   (no ring)
MR       .....                  (no ring)
Stlth    ++++......             (no ring)
HPRegen  0.09/turn              (no ring)
MPRegen  0.10/turn              (no ring)
                                (no ring)
                                (no ring)

@: lethally poisoned (0 -> -4), very slow
A: almost no armour, stealthy swim, amphibious, 8 rings, constrict 8, camouflage
1, gelatinous body 1
a: Bend Time, Renounce Religion


You were on level 4 of the Dungeon.
You worshipped Cheibriados.
Cheibriados was noncommittal.
You were hungry.

You visited 2 branches of the dungeon, and saw 5 of its levels.

You collected 24 gold pieces.

Inventory:

Hand Weapons
 a - a +0 short sword (weapon)
Wands
 b - a wand of flame (14)
 c - a wand of enslavement (14)
 d - a wand of random effects (15)
 h - a wand of paralysis (3)
Scrolls
 e - 2 scrolls of amnesia {unknown}
 g - a scroll of random uselessness {unknown}
 i - a scroll of teleportation {unknown}
 j - a scroll of remove curse {unknown}
Potions
 k - a potion of resistance {unknown}
 l - a potion of lignification {unknown}
Comestibles
 f - 2 rations


   Skills:
 - Level 1.0 Fighting
 - Level 1.0 Short Blades
 - Level 2.0 Dodging
 + Level 4.6 Stealth
 + Level 4.7 Evocations


You had 3 spell levels left.
You didn't know any spells.
Your spell library was empty.

Dungeon Overview and Level Annotations

Branches:
Dungeon (4/15)             Temple (1/1) D:4

Altars:
Cheibriados
Dithmenos
Fedhas
Hepliaklqana
Makhleb
Sif Muna
Trog

Annotations:
D:4 Ijyb


Innate Abilities, Weirdness & Mutations

You cannot wear most types of armour.
You are very stealthy in the water. (Stealth+)
You are amphibious.
You can wear up to eight rings at the same time.
You can use your tentacles to constrict eight enemies at once.
Your skin changes colour to match your surroundings (Stealth+).
Your rubbery body absorbs attacks. (AC +1, EV +1)


Message History

You can move again.
Unknown command.
Unknown command.
Unknown command.
Unknown command.
Unknown command.
Unknown command.
Unknown command.
Unknown command.
Unknown command.
Unknown command.
Evoke which item? (* to show all) (? for menu, Esc to quit)
Aiming: Enslavement
Press: ? - help, Shift-Dir - straight line, f - Ijyb
Aim: Ijyb, wielding a +0 club, wearing a +0 chain mail and carrying a wand of paralysis (9) (chance to defeat MR: 68%) Ijyb is charmed.
The adder bites you.
* * * LOW HITPOINT WARNING * * *
You are lethally poisoned!
The adder poisons you! The adder bites you.
You die...

#.......(...#
##..#...#..##
#..##..†## .####
#..##.....# ....#
#.##..#.#..##.#.#
#....##.##....#.#
#...##...##.....#
#......>........#
#...##...##.g@#.#
... ##.##...S..#
.. #.#..##O<...>
. ....# ..#.####
#...# ....# #...#
.###.. ..... .
... ..... ...


You could see an ogre, an adder and the friendly Ijyb.

Vanquished Creatures
  Natasha (thrice) (D:4)
  2 adders (D:2)
  3 orcs (D:3)
  2 hobgoblins (D:2)
  A frilled lizard (D:3)
  A kobold (D:1)
  2 rats
14 creatures vanquished.

Notes
Turn   | Place    | Note
-------+----------+-------------------------------------------
     0 | D:1      | Maedhros the Octopode Artificer began the quest for the
                  | Orb.
     0 | D:1      | Reached XP level 1. HP: 13/13 MP: 3/3
    76 | D:2      | Reached XP level 2. HP: 4/18 MP: 4/4
   806 | D:3      | Reached XP level 3. HP: 16/23 MP: 5/5
   969 | D:4      | Noticed Natasha
   977 | D:4      | Killed Natasha
  1132 | D:4      | Noticed Natasha
  1135 | D:4      | Found a staircase to the Ecumenical Temple.
  1141 | D:4      | Killed Natasha
  1141 | D:4      | Reached XP level 4. HP: 12/28 MP: 7/7
  1149 | Temple   | Entered the Ecumenical Temple
  1172 | Temple   | Became a worshipper of Cheibriados the Contemplative
  1185 | D:4      | Noticed Natasha
  1190 | D:4      | Killed Natasha
  1193 | D:4      | Noticed Ijyb
  1194 | D:4      | Paralysed by Ijyb for 4 turns
  1195 | D:4      | Noticed an ogre
  1198 | D:4      | Slain by an adder

Levels and vault maps discovered:
D:1:      nzn_arrival_crosshair, layout_basic, hangedman_decor_points
D:2:      layout_basic, first_ration
D:3:      layout_loops_corners, feat_on_display
D:4:      layout_loops_ring, nicolae_ru_path_of_blood, dancing_weapons_uskayaw,
          minmay_temple_entry_waves, ebering_ghost_reflecting_pool, uniq_ijyb,
          uniq_natasha
Temple:   eino_wide_crystal_templ

Skill      XL: |  1  2  3 |
---------------+----------+-----
Stealth        | 2 3 4 |  4.6
Evocations     | 4 |  4.7
Fighting       | |  1.0
Short Blades   | |  1.0
Dodging        | |  2.0

Action                   |  1- 3 |  4- 6 || total
-------------------------+-------+-------++-------
Melee: Short sword       |    32 |     4 ||    36
       Constrict         |     8 |     1 ||     9
       Tentacles         |     5 |       ||     5
Evoke: Wand              |     1 |     1 ||     2
 Stab: Sleeping          |     2 |       ||     2
Armor: Skin              |     1 |       ||     1
Dodge: Dodged            |    14 |     4 ||    18

Table legend:
 A = Non-vault XP
 B = Vault XP
 C = Vault XP percentage of total XP
 D = Non-vault monster count
 E = Vault monster count
 F = Vault count percentage of total count
                 A         B        C        D         E       F
            +---------+---------+-------+---------+---------+-------
      Total |     115 |      35 |  23.3 |      13 |       1 |   7.1
            +---------+---------+-------+---------+---------+-------
        D:1 |       2 |       0 |   0.0 |       2 |       0 |   0.0
        D:2 |      31 |       0 |   0.0 |       4 |       0 |   0.0
        D:3 |      11 |       0 |   0.0 |       5 |       0 |   0.0
        D:4 |      71 |      35 |  33.0 |       2 |       1 |  33.3
            +---------+---------+-------+---------+---------+-------
